 Dungeon Crawl Stone Soup version 0.18.1-8-gdd0e5ea (webtiles) character file.

2347 zeroDi the Covert (level 9, -1/42 HPs)
             Began as a Vine Stalker Assassin on May 21, 2016.
             Was a Priest of Okawaru.
             Slain by an orc warrior
             ... wielding a +0 trident
              (14 damage)
             ... in a bailey.
             The game lasted 00:24:55 (6989 turns).

zeroDi the Covert (Vine Stalker Assassin)           Turns: 6989, Time: 00:24:55

Health: -1/42      AC:  8    Str:  8 (11) XL:     9   Next: 43%
Magic:  0/10       EV: 10    Int: 10 (13) God:    Okawaru [***...]
Gold:   356        SH:  3    Dex: 16 (18) Spells: 0 memorised, 8 levels left

rFire  + . .     SeeInvis +     a - +2 dagger (speed)
rCold  x . .     Gourm    .     L - +3 leather armour of Perpetual Drought {Int+2}
rNeg   . . .     Faith    .     E - +0 buckler
rPois  .         Spirit   +     (no helmet)
rElec  .         Dismiss  .     d - +0 cloak
rCorr  .         Reflect  .     (no gloves)
SustAt .         Harm     .     r - +0 pair of boots
MR     +....                    (no amulet)
Stlth  ++++......               (no ring)
                                u - ring of fire

@: somewhat resistant to hostile enchantments, stealthy
A: fangs 3, see invisible, regeneration 2, weak 2, evolution 1, magic shield,
antimagic bite, no device heal 3, rot immunity
a: Heroism, Renounce Religion


You were in a bailey.
You worshipped Okawaru.
Okawaru was most pleased with you.
You were not hungry.

You visited 2 branches of the dungeon, and saw 8 of its levels.
You also visited: Sewer and Bailey.

You collected 356 gold pieces.


Innate Abilities, Weirdness & Mutations

You have razor-sharp teeth.
You heal very quickly.
When hurt, damage is shared between your health and your magic reserves.
Your bite disrupts and absorbs the magic of your enemies.
Potions and wands cannot restore your health.
You are immune to rotting.
You have supernaturally acute eyesight.
You are very weak. (Str -4)
You evolve.


   Skills:
 - Level 1.7 Fighting
 * Level 9.3 Short Blades
 + Level 2.9 Throwing
 - Level 0.7 Dodging
 - Level 10.0 Stealth


You had 8 spell levels left.
You didn't know any spells.

Inventory:

Hand Weapons
 a - a +2 dagger of speed (weapon)
 b - a +1 blowgun
 j - a +2 dagger
 H - a +0 vampiric rapier
Missiles
 e - 23 poisoned needles
 f - 2 curare-tipped needles {=f}
 y - 7 needles of sleeping
 D - 13 tomahawks (quivered)
Armour
 c - a +0 robe
 d - a +0 cloak (worn)
 p - a +2 robe of cold resistance
 r - a +0 pair of boots (worn)
 E - a +0 buckler (worn)
 L - the +3 leather armour of Perpetual Drought (worn) {Int+2}
   (You found it on level 5 of the Dungeon)

   It affects your intelligence (+2).
Jewellery
 i - a cursed ring of loudness {unknown}
 u - a ring of fire (left hand)
 G - an uncursed ring of magical power {unknown}
Wands
 m - a wand of acid (0/15)
 z - a wand of teleportation (4/9) {!d@v4}
 K - a wand of disintegration (14/24)
Scrolls
 o - 5 scrolls of identify {@r1}
 w - a scroll of fog
 x - a scroll of enchant armour {unknown}
 A - a scroll of teleportation {@r4}
 C - a scroll of remove curse
 I - a scroll of recharging {unknown}
Potions
 k - a potion of lignification {!q}
 n - a potion of might {unknown}
 q - a potion of haste {unknown}
 s - a potion of degeneration {!q}
 v - a potion of brilliance {unknown}
 B - a potion of invisibility {unknown}
 F - 2 potions of curing {@q1}
 J - 2 potions of flight {unknown}
 N - a potion of heal wounds {unknown}
Books
 M - a book of the Warp

   Spells                             Type                      Level
   a - Recall                         Summoning/Translocation      3
   b - Gell's Gravitas                Hexes/Translocation          3
   c - Force Lance                    Conjuration/Translocation    4
   d - Warp Weapon                    Charms/Translocation         5
   e - Summon Forest                  Summoning/Translocation      5
Comestibles
 g - 5 bread rations
 h - 5 chunks of flesh
 t - a meat ration

Dungeon Overview and Level Annotations

Branches:
Dungeon (7/15)             Temple (1/1) D:6

Altars:
Ashenzari
Cheibriados
Dithmenos
Elyvilon
Fedhas
Gozag
Kikubaaqudgha
Makhleb
Nemelex Xobeh
Okawaru
Pakellas
Qazlal
Ru
Sif Muna
Trog
Vehumet
Xom
Yredelemnul
Zin
The Shining One

Shops:
D:6

* ## #.. #..≈
#..≈≈
##########..≈≈.
#..........≈≈..
#.≈≈≈≈≈≈≈≈≈≈..#
#.≈.@o)).....#
#.≈.##########
#.≈.##o....'
#.≈))##...#
#.≈≈).##.##
§≈.o...
##)≈≈..#'#
≈§..⌠.o
#∩.≈≈..#'#
≈..⌠⌠⌠.
#.≈≈..## #
≈≈o§oo. #.≈..##
§≈§§§


You could see an orc warrior.


Message History

Zapping:
m - a wand of acid (will waste charges)
Press: ? - help, Shift-Dir - straight line, f - orc
Aim: an orc, wielding a halberd and wearing a ring mail The bolt of acid hits the orc warrior.
The orc warrior is severely wounded.
The bolt of acid hits the orc.
The acid corrodes the orc!
You kill the orc!
Okawaru accepts your kill.
The bolt of acid hits the orc.
You kill the orc!
Okawaru accepts your kill.
Evoking this partially-identified wand wasted a few charges.
You block the orc warrior's attack.
Evoke which item? (* to show all) (? for menu, Esc to quit)
Zapping:
m - a wand of acid {zapped: 2} (will waste charges)
Press: ? - help, Shift-Dir - straight line, f - orc warrior
Aim: an orc warrior, wielding a trident and wearing a shiny chain mail (severely wounded) Nothing appears to happen.
The orc warrior hits you with a trident!
You die...

Action                   |  1- 3 |  4- 6 |  7- 9 || total
-------------------------+-------+-------+-------++-------
Melee: Dagger            |    91 |   150 |   525 ||   766
       Bite              |    23 |    41 |   167 ||   231
 Fire: Blowgun           |       |     7 |     8 ||    15
Throw: Tomahawk          |       |     4 |    17 ||    21
Invok: Heroism           |       |       |     1 ||     1
Evoke: Wand              |       |       |     1 ||     1
  Use: Scroll            |       |     5 |    10 ||    15
       Potion            |       |       |     5 ||     5
 Stab: Sleeping          |    16 |     9 |    10 ||    35
       Distracted        |       |     1 |       ||     1
  Eat: Chunk             |     1 |     6 |     5 ||    12
       Fruit             |       |       |     1 ||     1
       Bread ration      |       |       |     1 ||     1
       Royal jelly       |       |       |     1 ||     1
       Beef jerky        |       |       |     1 ||     1
Armor: Robe              |    14 |    17 |    36 ||    67
       Leather armour    |       |       |    64 ||    64
Dodge: Dodged            |    32 |    34 |   170 ||   236
Block: Buckler           |       |       |    26 ||    26

Vault maps used:
D:1:      minmay_arrival_shattered_statue
D:2:      grunt_temple_overflow_diamond, ecumenical_altar_1, st_stairs_8
D:4:      grunt_gozag_statues
D:5:      fedhas_altar_3, portal_sewer_entry_e, first_bread, uniq_pikel
D:6:      corexii_shack_village, gammafunk_temple_overflow_elements,
          minmay_temple_entry_enclosed_plants, hangedman_decor_growths,
          kennysheep_small_square
D:7:      enter_bailey_2
Temple:   hc_temple_tempest_star
Sewer:    sewer_frog_island_01
Bailey:   bailey_polearm_1, bailey

Notes
Turn   | Place    | Note
--------------------------------------------------------------
     0 | D:1      | zeroDi the Vine Stalker Assassin began the quest for the Orb.
     0 | D:1      | Reached XP level 1. HP: 11/11 MP: 2/2
    32 | D:1      | Reached skill level 2 in Short Blades
    68 | D:1      | Reached XP level 2. HP: 15/15 MP: 3/3
   498 | D:1      | Reached skill level 3 in Short Blades
   510 | D:1      | Reached XP level 3. HP: 14/18 MP: 4/4
   813 | D:2      | Found an iron altar of Okawaru.
   818 | D:2      | Became a worshipper of Warmaster Okawaru
   822 | D:2      | Found an oddly glowing altar of Pakellas.
   826 | D:2      | Found a bloodstained altar of Trog.
   889 | D:2      | Found a faded altar to an unknown god.
  1544 | D:3      | Reached XP level 4. HP: 23/23 MP: 5/5
  1825 | D:3      | Reached skill level 4 in Short Blades
  2364 | D:4      | Reached XP level 5. HP: 17/26 MP: 4/6
  2523 | D:4      | Reached skill level 5 in Short Blades
  2651 | D:4      | Found an opulent altar of Gozag.
  2880 | D:4      | Noticed an ogre
  2916 | D:4      | Killed an ogre
  2916 | D:4      | Gained mutation: You heal very quickly. [Vine Stalker growth]
  2916 | D:4      | Reached XP level 6. HP: 30/30 MP: 7/7
  2922 | D:4      | Reached skill level 6 in Short Blades
  3052 | D:4      | Reached * piety under Okawaru
  3150 | D:4      | Noticed Aksel's ghost (amateur OpFE)
  3165 | D:4      | Killed Aksel's ghost
  3165 | D:4      | Reached XP level 7. HP: 32/34 MP: 8/8
  3229 | D:5      | Entered Level 5 of the Dungeon
  3257 | D:5      | Found a blossoming altar of Fedhas.
  3403 | D:5      | Noticed Pikel
  3568 | D:5      | Killed Pikel
  3568 | D:5      | Reached ** piety under Okawaru
  3568 | D:5      | Reached skill level 8 in Short Blades
  3568 | D:5      | Gained mutation: You have razor-sharp teeth. [Vine Stalker growth]
  3568 | D:5      | Reached XP level 8. HP: 23/38 MP: 9/9
  3710 | D:5      | Reached skill level 5 in Stealth
  3820 | D:5      | Found a glowing drain.
  3929 | Sewer    | Entered a sewer
  4195 | Sewer    | Reached skill level 6 in Stealth
  4335 | D:5      | Reached skill level 7 in Stealth
  4394 | D:5      | Got a transparent leather armour
  4420 | D:5      | Identified the +3 leather armour of Perpetual Drought {Int+2} (You found it on level 5 of the Dungeon)
  4512 | D:6      | Identified a wand of teleportation
  4516 | D:6      | Found a glowing golden altar of the Shining One.
  4516 | D:6      | Found a shadowy altar of Dithmenos.
  4542 | D:6      | Found Pikimue's Assorted Antiques.
  4781 | D:6      | Reached skill level 8 in Stealth
  4845 | D:6      | Reached skill level 9 in Stealth
  4858 | D:6      | Reached *** piety under Okawaru
  5270 | D:6      | Reached XP level 9. HP: 37/42 MP: 10/10
  5290 | D:6      | Reached skill level 10 in Stealth
  5314 | D:6      | Reached skill level 2 in Throwing
  5505 | D:6      | Found a staircase to the Ecumenical Temple.
  5516 | Temple   | Entered the Ecumenical Temple
  6083 | D:7      | Reached skill level 9 in Short Blades
  6319 | D:7      | HP: 4/42 [poisoned by a killer bee]
  6321 | D:7      | Gained mutation: You evolve. [potion of mutation]
  6321 | D:7      | Gained mutation: You are weak. (Str -2) [potion of mutation]
  6321 | D:7      | Gained mutation: You are very weak. (Str -4) [potion of mutation]
  6323 | D:7      | HP: 1/63 [poisoned by a killer bee]
  6635 | D:7      | Found a flagged portal.
  6641 | Bailey   | Entered a bailey
  6747 | Bailey   | Gained mutation: You have supernaturally acute eyesight. [evolution]
  6855 | Bailey   | Noticed an orc knight
  6855 | Bailey   | Noticed an orc knight
  6857 | Bailey   | Noticed an orc knight
  6989 | Bailey   | Slain by an orc warrior

Vanquished Creatures
  Pikel (D:5)
  The ghost of Aksel the Firebug, an amateur OpFE (D:4)
  A sky beast (D:6)
  2 phantoms
  2 slaves
  An ogre (D:4)
  2 giant frogs (Sewer)
  2 water moccasin zombies
  3 scorpions
  4 killer bees (D:7)
  5 wights (D:6)
  2 crimson imps (D:7)
  2 centaur zombies (D:6)
  A hound (D:6)
  A jelly (D:7)
  A centaur skeleton (D:4)
  An iguana (D:6)
  4 worker ants (D:4)
  A hound skeleton (D:4)
  4 adders
  4 gnolls
  2 shadow imps
  2 oozes
  2 adder skeletons
  3 worms
  A dart slug (D:1)
  7 giant geckos
  29 orcs
  4 ball pythons (Sewer)
  4 bats
  15 giant cockroaches
  12 goblins
  11 hobgoblins
  6 jackals
  12 kobolds
  2 giant gecko skeletons
  6 giant newts
  A jackal skeleton (D:4)
  5 rats
169 creatures vanquished.

Vanquished Creatures (others)
  A jackal (D:5)
1 creature vanquished.

Grand Total: 170 creatures vanquished
